 Dungeon Crawl Stone Soup version 0.28.0-43-g3370ac3207 (webtiles) character file.

Game seed: 13683414040752488082

604 issech the Cudgeller (level 7, 0/68 HPs)
             Began as a Troll Monk on Mar 29, 2022.
             Slain by a two-headed ogre
             ... wielding a +0 giant club
              (25 damage)
             ... on level 5 of the Dungeon.
             The game lasted 00:14:57 (3982 turns).

issech the Cudgeller (Troll Monk)                   Turns: 3982, Time: 00:14:57

Health: 0/68       AC:  5    Str: 20    XL:     7   Next: 18%
Magic:  6/6        EV: 11    Int:  6    God:
Gold:   185        SH:  0    Dex: 14    Spells: 6/6 levels left

rFire   . . .      SeeInvis .   e - +0 giant spiked club (protect)
rCold   . . .      Faith    .   (shield currently unavailable)
rNeg    . . .      Spirit   .   b - +1 robe
rPois   .          Reflect  .   (helmet restricted)
rElec   .          Harm     .   (no cloak)
rCorr   +          Rampage  .   (gloves unavailable)
Will    .....                   (boots unavailable)
Stlth   ++........              (no amulet)
HPRegen 1.01/turn               w - ring of resist corrosion
MPRegen 0.10/turn               z - ring of flight

@: flying
A: large, unfitting armour, claws 3, regeneration 1, shaggy fur 1, tough skin 1
a: no special abilities


You were on level 5 of the Dungeon.
You visited 1 branch of the dungeon, and saw 5 of its levels.

You collected 218 gold pieces.
You spent 33 gold pieces at shops.

Inventory:

Hand Weapons
 a - a +0 mace
 e - a +0 giant spiked club of protection (weapon)
 h - a +2 whip of electrocution
 n - a +0 flail
 o - a +0 lajatang
 u - a +0 whip of pain
 C - a +1 flail of draining
 D - a +0 morningstar
Missiles
 d - 184 stones
 l - 16 arrows
 p - 10 poisoned darts
 q - 56 bolts
 B - 3 curare-tipped darts
 F - 3 large rocks (quivered)
 G - a javelin
 H - a throwing net
 I - 2 sling bullets
Armour
 b - a +1 robe (worn)
Jewellery
 w - a ring of resist corrosion (left claw)
 z - a ring of flight (right claw)
Wands
 A - a wand of iceblast (5)
Scrolls
 c - a scroll of fear
 f - a scroll of magic mapping
 g - a scroll of enchant weapon
 i - 2 scrolls of noise
 m - a scroll of immolation
 t - a scroll of teleportation
Potions
 j - a potion of degeneration {unknown}
 k - a potion of berserk rage {unknown}
 r - a potion of magic {unknown}
 s - a potion of might {unknown}
 x - a potion of curing {unknown}


   Skills:
 + Level 3.7 Fighting
 + Level 5.4 Maces & Flails
 + Level 0.4(3.0) Staves
 + Level 0.4 Throwing
 + Level 3.6 Dodging
 + Level 2.0 Stealth


You had 6 spell levels left.
You didn't know any spells.
Your spell library contained the following spells:

 Spells                   Type           Power      Damage    Failure   Level
 Foxfire                  Conj/Fire      0%         2x1d4     45%         1
 Conjure Flame            Conj/Fire      0%         6-21      83%         3
 Inner Flame              Hex/Fire       0%         N/A       83%         3
 Ozocubu's Armour         Ice            0%         N/A       83%         3
 Flame Wave               Conj/Fire      0%         2d4       99%         4
 Metabolic Englaciation   Hex/Ice        0%         N/A       100%        5
 Simulacrum               Ice/Necr       0%         N/A       100%        6


Dungeon Overview and Level Annotations

Branches:
Dungeon (5/15)
 Temple: D:4-7

Altars:
Wu Jian

Shops:
D:5 (


Innate Abilities, Weirdness & Mutations

You are too large for most types of armour.
You have claws for hands.
Your natural rate of healing is unusually fast.
You are covered in fur. (AC +1)
You have tough skin. (AC +1)


Message History

You feel your willpower return.
Found a scroll of immolation.
Found a scroll of immolation.
You see here a scroll of immolation.
m - a scroll of immolation A two-headed ogre comes into view.
It is wielding a +0 giant club and a +0 giant spiked club.
The two-headed ogre shouts in stereo!
You see here a scroll of immolation.
You see here a scroll of immolation.
You barely miss the two-headed ogre.
The two-headed ogre hits you with a +0 giant club!!
The two-headed ogre closely misses you.
You hit the two-headed ogre.
The two-headed ogre is lightly wounded.
You hit the two-headed ogre but do no damage.
Lightning courses through the two-headed ogre!
The two-headed ogre is moderately wounded.
The two-headed ogre completely misses you.
The two-headed ogre barely misses you.
You hit the two-headed ogre.
The two-headed ogre is moderately wounded.
The two-headed ogre hits you with a +0 giant club!!
* * * LOW HITPOINT WARNING * * *
The two-headed ogre hits you with a +0 giant spiked club.
* * * LOW HITPOINT WARNING * * *
Things that are here:
a +0 war axe; a +0 robe
Things that are here:
a +0 hand axe; a +0 ring mail The two-headed ogre hits you with a +0 giant club!
* * * LOW HITPOINT WARNING * * *
The two-headed ogre barely misses you.
Your +2 whip of electrocution stops crackling.
Your +0 giant spiked club of protection hums with potential!
e - a +0 giant spiked club of protection (weapon)
You barely miss the two-headed ogre.
The two-headed ogre is lightly wounded.
The two-headed ogre barely misses you.
The two-headed ogre hits you with a +0 giant spiked club!!
You die...

..........)....## ##### #.....
.#.##.#####.....# #...# #.####
.#.##.....#.....# #.).# #.# #
##.######.#.....# #...# #.# #
.......##.#####.###...######.####
........)......................).
.#####.##.#####..##...#.#########
.# #.##.....##.##..[#.# #
.#####.##......O@.#####.# #
.....)....##∩##.#.# ###.#####
######)...#...#.#.###^......#
.<.)......#...#.#..##.......#
#..)....#.#...#.##.##.......#
..........#...####.####.#####
..........#...#.........#####
.......####...####.)##......#
.#####.# ##### ##.##......#


You could see a two-headed ogre.

Vanquished Creatures
  An ice beast (D:5)
  An ogre (D:5)
  A hound (D:4)
  A jelly (D:5)
  2 orc priests (D:5)
  A bullfrog skeleton (D:5)
  An iguana (D:5)
  3 orc wizards
  A howler monkey zombie (D:4)
  4 adders
  3 gnolls (D:3)
  3 worms
  2 dart slugs
  11 orcs
  5 bats
  3 endoplasms (D:1)
  6 giant cockroaches
  7 goblins
  8 hobgoblins
  4 jackals (D:4)
  A quokka (D:1)
  3 training dummies (D:5)
  4 ball pythons
  2 frilled lizards (D:1)
  9 kobolds
  A quokka skeleton (D:4)
  7 rats
95 creatures vanquished.

Notes
Turn   | Place    | Note
-------+----------+-------------------------------------------
     0 | D:1      | issech the Troll Monk began the quest for the Orb.
     0 | D:1      | Reached XP level 1. HP: 22/22 MP: 0/0
   187 | D:1      | Reached skill level 3 in Maces & Flails
   187 | D:1      | Reached XP level 2. HP: 29/29 MP: 1/1
   649 | D:1      | Reached XP level 3. HP: 36/36 MP: 2/2
  1025 | D:2      | Reached XP level 4. HP: 43/45 MP: 3/3
  1277 | D:2      | Found an ornate altar of the Wu Jian Council.
  1748 | D:3      | Reached XP level 5. HP: 46/53 MP: 4/4
  1810 | D:3      | Reached skill level 4 in Maces & Flails
  3262 | D:5      | Entered Level 5 of the Dungeon
  3308 | D:5      | Reached XP level 6. HP: 48/61 MP: 5/5
  3540 | D:5      | Found Homposhe's Firing Range.
  3550 | D:5      | Bought 4 large rocks for 33 gold pieces
  3651 | D:5      | Noticed an ice beast
  3663 | D:5      | Killed an ice beast
  3664 | D:5      | Reached skill level 5 in Maces & Flails
  3841 | D:5      | Reached XP level 7. HP: 41/68 MP: 6/6
  3941 | D:5      | Noticed a two-headed ogre
  3982 | D:5      | Slain by a two-headed ogre

Illustrated notes

Levels and vault maps discovered:
D:1:      psy_arrival_radial01, layout_loops_ring
D:2:      layout_loops_cross, basic_altar
D:3:      layout_loops_ring, kennysheep_cluttered_room
D:4:      layout_gridville, grunt_ministairs_14, chequers_serial_rivers_micro_e
D:5:      layout_basic, nicolae_shop_firing_range

Skill      XL: |  1  2  3  4  5  6 |
---------------+-------------------+-----
Maces & Flails | 3 4 5 |  5.4
Fighting       | 3 |  3.7
Dodging        | 3 |  3.6
Stealth        | 2 |  2.0
Staves         | |  0.4
Throwing       | |  0.4

Action                   |  1- 3 |  4- 6 |  7- 9 || total
-------------------------+-------+-------+-------++-------
Melee: Mace              |    69 |       |       ||    69
       Punch             |     2 |     2 |       ||     4
       Whip              |    34 |   170 |     9 ||   213
       Lajatang          |       |     6 |       ||     6
       Giant spiked club |       |       |     1 ||     1
Throw: Large rock        |       |     8 |       ||     8
  Use: Scroll            |       |     6 |     4 ||    10
 Stab: Sleeping          |     4 |     4 |       ||     8
Armor: Robe              |    38 |    44 |     1 ||    83
Dodge: Dodged            |    53 |    75 |     8 ||   136
